 Dungeon Crawl Stone Soup version 0.29-a0-284-gf9362112df (webtiles) character file.

Game seed: 11582051871742711966

52 chopper the Shield-Bearer (level 3, -2/35 HPs)
             Began as a Gnoll Fighter on Mar 28, 2022.
             Slain by a hobgoblin
             ... wielding the +8 mace "Zibif Xiv" {flame, rN++}
              (6 damage)
             ... on level 3 of the Dungeon.
             The game lasted 00:08:03 (1441 turns).

chopper the Shield-Bearer (Gnoll Fighter)           Turns: 1441, Time: 00:08:04

Health: -2/35      AC:  7    Str: 15    XL:     3   Next: 85%
Magic:  4/4        EV:  9    Int:  7    God:
Gold:   139        SH:  5    Dex: 13    Spells: 4/4 levels left

rFire   . . .      SeeInvis .   a - +0 war axe
rCold   . . .      Faith    .   c - +0 buckler
rNeg    . . .      Spirit   .   b - +0 scale mail
rPois   .          Reflect  .   (no helmet)
rElec   .          Harm     .   (no cloak)
rCorr   .          Rampage  .   (no gloves)
Will    .....                   (no boots)
Stlth   ..........              (no amulet)
HPRegen 0.11/turn               (no ring)
MPRegen 0.09/turn               (no ring)

@: no status effects
A: fangs 1, strong nose, distributed training
a: no special abilities


You were on level 3 of the Dungeon.
You visited 1 branch of the dungeon, and saw 3 of its levels.

You collected 139 gold pieces.

Inventory:

Hand Weapons
 a - a +0 war axe (weapon)
 n - a +0 flail of protection
Missiles
 h - 4 poisoned darts (quivered)
Armour
 b - a +0 scale mail (worn)
 c - a +0 buckler (worn)
Magical Staves
 g - a staff of earth
Scrolls
 e - a scroll of noise {unknown}
 f - 2 scrolls of teleportation
 i - a scroll of fog {unknown}
 l - 2 scrolls of fear
 m - 2 scrolls of amnesia
 o - a scroll of holy word {unknown}
 p - a scroll of blinking {unknown}
Potions
 d - 3 potions of might
 j - a potion of curing {unknown}
 k - a potion of haste {unknown}


   Skills:
 + Level 6.5 Fighting
 + Level 1.0 Short Blades
 + Level 1.0 Long Blades
 + Level 4.6 Axes
 + Level 1.0 Maces & Flails
 + Level 1.0 Polearms
 + Level 1.0 Staves
 + Level 1.0 Slings
 + Level 1.0 Bows
 + Level 1.0 Crossbows
 + Level 1.0 Throwing
 + Level 6.5 Armour
 + Level 1.0 Dodging
 + Level 1.0 Stealth
 + Level 6.5 Shields
 + Level 1.0 Unarmed Combat
 + Level 1.0 Spellcasting
 + Level 0.7 Conjurations
 + Level 0.7 Hexes
 + Level 0.7 Summonings
 + Level 0.7 Necromancy
 + Level 0.7 Translocations
 + Level 0.7 Transmutations
 + Level 0.7 Fire Magic
 + Level 0.7 Ice Magic
 + Level 0.7 Air Magic
 + Level 0.7 Earth Magic
 + Level 0.7 Poison Magic
 + Level 1.0 Invocations
 + Level 1.0 Evocations


You had 4 spell levels left.
You didn't know any spells.
Your spell library contained the following spells:

 Spells                   Type           Power      Damage    Failure   Level
 Ensorcelled Hibernation  Hex/Ice        2%         N/A       91%         2
 Spider Form              Tmut/Pois      1%         N/A       99%         3
 Anguish                  Hex/Necr       0%         N/A       100%        4


Dungeon Overview and Level Annotations

Branches:
Dungeon (3/15)

Altars:


Innate Abilities, Weirdness & Mutations

You have very sharp teeth.
Your uncanny sense of smell can sniff out nearby items.
Your experience applies equally to all skills.


Message History

You slash the hobgoblin!
You kill the hobgoblin!
An orc priest comes into view. It is wielding a +0 short sword.
The orc priest shouts!
Things that are here:
a +0 flail; a hobgoblin corpse; an orc corpse An orc wizard comes into view.
It is wielding a +0 dagger.
The orc wizard shouts!
The orc wizard gestures wildly while chanting.
The orc wizard flickers and vanishes!
Deactivating autopickup; reactivate with Ctrl-A.
An orc comes into view. It is wielding a +0 dagger.
The orc priest looks braver for a moment.
A hobgoblin comes into view.
It is wielding the +8 mace "Zibif Xiv" {flame, rN++}.
An orc comes into view. It is wielding a +0 falchion.
The orc shouts!
The orc priest looks braver for a moment.
You barely miss the orc priest. The orc priest barely misses you.
A rat comes into view.
You barely miss the orc priest.
The orc priest hits you with a +0 short sword.
The orc priest miscasts a cantrip.
You closely miss the orc priest. You barely miss the hobgoblin.
The orc priest closely misses you. The hobgoblin misses you.
You hit the orc priest but do no damage.
You bite the orc priest.
The orc priest is lightly wounded.
You closely miss the hobgoblin.
The orc priest hits you but does no damage.
The hobgoblin hits you but does no damage.
You barely miss the orc priest.
The orc priest is lightly wounded.
You barely miss the hobgoblin.
The orc priest hits you but does no damage.
The hobgoblin hits you with the +8 mace "Zibif Xiv" {flame, rN++}!
* * * LOW HITPOINT WARNING * * *
The hobgoblin burns you.
* * * LOW HITPOINT WARNING * * *
The hobgoblin hits you with the +8 mace "Zibif Xiv" {flame, rN++}.
You die...

#. ∆ #. ##. .#
##.. .. ##...
#.# ##.8.o .#.#
##...oo##r..#
......g@....#
####.##.##..#.#
#....)<....#
####.##..#.#
#.# ....# ...
....... ##.#
.#..### #.#
.#..# #.# .# .#


You could see an orc priest, 2 orcs, a hobgoblin and a rat.

Vanquished Creatures
  A worm (D:2)
  2 dart slugs (D:1)
  An orc (D:3)
  6 ball pythons
  3 bats (D:2)
  2 endoplasms (D:2)
  3 giant cockroaches
  2 goblins (D:2)
  2 hobgoblins
  4 jackals (D:2)
  7 kobolds
  A quokka (D:2)
  3 frilled lizards
  2 rats
39 creatures vanquished.

Notes
Turn   | Place    | Note
-------+----------+-------------------------------------------
     0 | D:1      | chopper the Gnoll Fighter began the quest for the Orb.
     0 | D:1      | Reached XP level 1. HP: 23/23 MP: 1/1
   802 | D:1      | Reached XP level 2. HP: 25/29 MP: 2/2
  1142 | D:2      | Reached XP level 3. HP: 35/35 MP: 3/3
  1210 | D:2      | Reached skill level 1 in Invocations
  1431 | D:3      | Reached skill level 1 in Short Blades
  1431 | D:3      | Reached skill level 1 in Long Blades
  1431 | D:3      | Reached skill level 1 in Maces & Flails
  1431 | D:3      | Reached skill level 1 in Polearms
  1431 | D:3      | Reached skill level 1 in Staves
  1431 | D:3      | Reached skill level 1 in Slings
  1431 | D:3      | Reached skill level 1 in Bows
  1431 | D:3      | Reached skill level 1 in Crossbows
  1431 | D:3      | Reached skill level 1 in Throwing
  1431 | D:3      | Reached skill level 1 in Dodging
  1431 | D:3      | Reached skill level 1 in Stealth
  1431 | D:3      | Reached skill level 1 in Unarmed Combat
  1431 | D:3      | Reached skill level 1 in Spellcasting
  1431 | D:3      | Reached skill level 1 in Evocations
  1435 | D:3      | Identified the +8 mace "Zibif Xiv" {flame, rN++}
  1441 | D:3      | Slain by a hobgoblin

Illustrated notes

Levels and vault maps discovered:
D:1:      minmay_arrival_open_corners, layout_basic
D:2:      layout_rooms, minmay_octomino_j4
D:3:      layout_basic, nicolae_overflow_ecumenical_swirl,
          grunt_qazlal_sundering, mainiacjoe_overflow_boulevard,
          nzn_wu_jian_council_hall, tso_metal_star, basic_ecumenical_altar

Skill      XL: |  1  2  3 |
---------------+----------+-----
Invocations    | 1 |  1.0
Short Blades   | 1 |  1.0
Long Blades    | 1 |  1.0
Maces & Flails | 1 |  1.0
Polearms       | 1 |  1.0
Staves         | 1 |  1.0
Slings         | 1 |  1.0
Bows           | 1 |  1.0
Crossbows      | 1 |  1.0
Throwing       | 1 |  1.0
Dodging        | 1 |  1.0
Stealth        | 1 |  1.0
Unarmed Combat | 1 |  1.0
Spellcasting   | 1 |  1.0
Evocations     | 1 |  1.0
Fighting       | |  6.5
Axes           | |  4.6
Armour         | |  6.5
Shields        | |  6.5
Conjurations   | |  0.7
Hexes          | |  0.7
Summonings     | |  0.7
Necromancy     | |  0.7
Translocations | |  0.7
Transmutations | |  0.7
Fire Magic     | |  0.7
Ice Magic      | |  0.7
Air Magic      | |  0.7
Earth Magic    | |  0.7
Poison Magic   | |  0.7

Action                   || total
-------------------------++-------
Melee: War axe           ||    87
       Bite              ||    10
Throw: Dart              ||     4
  Use: Scroll            ||     4
Armor: Scale mail        ||    59
Dodge: Dodged            ||    64
Block: Buckler           ||    37

Table legend: (Time is in decaauts)
 A = Elapsed time spent in this place.
 B = Non-inter-level travel time spent in this place.
 C = Inter-level travel time spent in this place.
 D = Time resting spent in this place.
 E = Time spent auto-exploring this place.
 F = Levels seen in this place.
 G = Mean time per level.
                   A        B        C        D        E       F      G
               +--------+--------+--------+--------+--------+-----+--------+
         Total |   1466 |   1466 |      0 |     63 |      0 |   3 |  488.7 |
       Dungeon |   1466 |   1466 |      0 |     63 |      0 |   3 |  488.7 |
               +--------+--------+--------+--------+--------+-----+--------+

Top non-repeatable levels by time:
     D:1: 915 daAuts
     D:2: 528 daAuts
     D:3: 22 daAuts
